 Dungeon Crawl Stone Soup version 0.21.0-3-g78d12a8 (webtiles) character file.

205 Suckerboh the Slasher (level 6, -8/48 HPs)
             Began as a Formicid Abyssal Knight on Jan 15, 2018.
             Was a Believer of Lugonu.
             Mangled by a mummy (18 damage)
             ... in an ossuary.
             The game lasted 00:05:17 (3873 turns).

Suckerboh the Slasher (Formicid Abyssal Knight)     Turns: 3873, Time: 00:05:17

Health: -8/48      AC:  3    Str: 16    XL:     6   Next: 9%
Magic:  7/7        EV: 11    Int: 12    God:    Lugonu [**....]
Gold:   217        SH:  0    Dex: 12    Spells: 5/5 levels left

rFire    . . .     SeeInvis +   a - +1 falchion
rCold    . . .     Gourm    .   (no shield)
rNeg     . . .     Faith    .   b - +0 leather armour
rPois    .         Spirit   .   (helmet unavailable)
rElec    .         Reflect  .   (no cloak)
rCorr    .         Harm     .   (no gloves)
MR       .....                  (no boots)
Stlth    +.........             (no amulet)
HPRegen  0.16/turn              (no ring)
MPRegen  0.10/turn              (no ring)

@: no status effects
A: permanent stasis, dig shafts and tunnels, four strong arms, antennae 3
a: Dig, Shaft Self, Depart the Abyss, Bend Space, Renounce Religion


You were in an ossuary.
You worshipped Lugonu.
Lugonu was pleased with you.
You were hungry.

You visited 1 branch of the dungeon, and saw 4 of its levels.
You visited the Abyss 1 time.
You also visited: Ossuary.

You collected 217 gold pieces.

Inventory:

Hand Weapons
 a - a +1 falchion (weapon)
Armour
 b - a +0 leather armour (worn)
Jewellery
 h - an uncursed ring of fire
 o - an uncursed amulet of regeneration {unknown}
Scrolls
 e - 2 scrolls of teleportation {unknown}
 f - 3 scrolls of remove curse {unknown}
 i - 2 scrolls of amnesia {unknown}
 j - a scroll of enchant armour {unknown}
 k - 2 scrolls of identify {unknown}
 m - a scroll of enchant weapon {unknown}
Potions
 d - a potion of degeneration {unknown}
 g - 3 potions of heal wounds {unknown}
 l - a potion of flight {unknown}
 n - a potion of lignification {unknown}
Comestibles
 c - 7 rations


   Skills:
 - Level 4.2 Fighting
 * Level 4.7 Long Blades
 - Level 3.0 Armour
 - Level 1.4 Dodging
 + Level 2.2 Invocations


You had 5 spell levels left.
You didn't know any spells.

Dungeon Overview and Level Annotations

Branches:
Dungeon (4/15)
 Temple: D:4-7

Altars:
Nemelex Xobeh
Ru


Innate Abilities, Weirdness & Mutations

You cannot be hasted, slowed, berserked, paralysed or teleported.
You can dig through walls and to a lower floor.
Your four strong arms can wield two-handed weapons with a shield.
You have a pair of large antennae on your head. (SInv)


Message History

You destroy the mummy!
Lugonu accepts your kill. The gnoll zombie barely misses you.
The hobgoblin zombie hits you.
Unknown command.
You hit the mummy.
The mummy is lightly damaged.
The gnoll zombie hits you!
The hobgoblin zombie hits you but does no damage.
Unknown command.
You hit the mummy.
The mummy is heavily damaged.
The mummy hits you!
* * * LOW HITPOINT WARNING * * *
The gnoll zombie closely misses you.
Unknown command.
You barely miss the mummy.
The mummy is heavily damaged.
The hobgoblin zombie hits you but does no damage.
The gnoll zombie barely misses you. The mummy hits you!!
You die...

#....#
#....#
#....#
#....#
#....#
#....#
#....#
#..ZM#
#.ZZ@#
######


You could see a mummy, a hobgoblin zombie, a gnoll zombie and a big kobold
zombie.

Vanquished Creatures
  A hound (D:4)
  An orc wizard (D:3)
  A worker ant (D:4)
  A mummy (Ossuary)
  3 adders
  An ooze (D:3)
  4 worms
  A dart slug (D:1)
  A leopard gecko (D:2)
  4 orcs
  7 goblins
  2 hobgoblins
  7 jackals
  8 kobolds
  A quokka (D:3)
  A ball python (D:3)
  4 bats
  5 frilled lizards
  A goblin zombie (D:4)
  2 kobold zombies (Ossuary)
  2 orc zombies (Ossuary)
  7 rats
  A rat zombie (D:4)
66 creatures vanquished.

Notes
Turn   | Place    | Note
-------+----------+-------------------------------------------
     0 | Abyss:1  | Suckerboh the Formicid Abyssal Knight began the quest for the Orb.
     0 | Abyss:1  | Reached XP level 1. HP: 18/18 MP: 2/2
    30 | Abyss:1  | Found a corrupted altar of Lugonu.
   215 | Abyss:1  | Found a corrupted altar of Lugonu.
   228 | Abyss:1  | Noticed a large abomination
   259 | Abyss:1  | Noticed a large abomination
   269 | Abyss:1  | Noticed an apocalypse crab
   271 | D:1      | Escaped the Abyss
   357 | D:1      | Reached XP level 2. HP: 12/24 MP: 3/3
   773 | D:1      | Reached * piety under Lugonu
   973 | D:1      | You fall through a shaft!
  1261 | D:2      | HP: 1/25 [adder (3)]
  1263 | D:2      | Reached skill level 1 in Dodging
  1263 | D:2      | Reached XP level 3. HP: 11/30 MP: 4/4
  1786 | D:3      | Found a sacrificial altar of Ru.
  1796 | D:3      | Reached XP level 4. HP: 28/37 MP: 5/5
  2493 | D:3      | Reached XP level 5. HP: 22/42 MP: 6/6
  3199 | D:3      | Reached ** piety under Lugonu
  3250 | D:3      | Found a sparkling altar of Nemelex Xobeh.
  3720 | D:4      | Reached XP level 6. HP: 46/48 MP: 7/7
  3823 | D:4      | Found a sand-covered staircase.
  3844 | Ossuary  | Entered an ossuary
  3873 | Ossuary  | Mangled by a mummy

Skill      XL: |  1  2  3  4  5 |
---------------+----------------+-----
Dodging        | 1 |  1.4
Fighting       | 4 |  4.2
Long Blades    | 3 4 |  4.7
Armour         | 3 |  3.0
Invocations    | |  2.2

Action                   |  1- 3 |  4- 6 || total
-------------------------+-------+-------++-------
Melee: Falchion          |   103 |   129 ||   232
Invok: Depart the Abyss  |     1 |       ||     1
  Use: Potion            |     2 |       ||     2
 Stab: Invisible         |     1 |       ||     1
  Eat: Chunk             |     3 |     6 ||     9
Armor: Leather armour    |    35 |    21 ||    56
Dodge: Dodged            |    58 |    85 ||   143
       Rpst.: Falchion   |    15 |    26 ||    41
